 Dungeon Crawl Stone Soup version 0.24-a0-366-gc1c896e988 (webtiles) character file.

Game seed: 11142455451092559876

2652 MisterOstroum the Spear-Bearer (level 9, -1/78 HPs)
             Began as a Merfolk Skald on May 28, 2019.
             Was a Believer of Okawaru.
             Slain by a wyvern (3 damage)
             ... on level 8 of the Dungeon.
             The game lasted 00:52:30 (10444 turns).

MisterOstroum the Spear-Bearer (Merfolk Skald)     Turns: 10444, Time: 00:52:31

Health: -1/78      AC:  3    Str: 13    XL:     9   Next: 62%
Magic:  11/12      EV: 12    Int: 14    God:    Okawaru [**....]
Gold:   437        SH:  0    Dex: 13    Spells: 6/12 levels left

rFire    . . .     SeeInvis .   a - +2 halberd
rCold    . . .     Gourm    .   (shield currently unavailable)
rNeg     . . .     Faith    .   b - +0 leather armour
rPois    .         Spirit   .   (no helmet)
rElec    .         Reflect  .   (no cloak)
rCorr    .         Harm     .   (no gloves)
MR       .....                  (no boots)
Stlth    +.........             t - amulet of magic regeneration
HPRegen  0.23/turn              (no ring)
MPRegen  0.38/turn              (no ring)

@: infused
A: change form in water, swift swim, stealthy swim
a: Heroism, Renounce Religion


You were on level 8 of the Dungeon.
You worshipped Okawaru.
Okawaru was pleased with you.
You were hungry.

You visited 2 branches of the dungeon, and saw 9 of its levels.

You collected 437 gold pieces.

Inventory:

Hand Weapons
 a - a +2 halberd (weapon)
Missiles
 h - 210 stones
 w - 5 boomerangs (quivered)
 x - 7 atropa-tipped darts
 y - 10 poisoned darts
Armour
 b - a +0 leather armour (worn)
 u - a +0 chain mail
 B - a +1 robe of fire resistance
Jewellery
 t - an amulet of magic regeneration (around neck)
Wands
 v - a wand of enslavement (7)
 z - a wand of flame (14)
Scrolls
 f - 3 scrolls of amnesia
 i - 5 scrolls of magic mapping {@r5 !r}
 j - a scroll of noise
 o - 6 scrolls of teleportation {@r3 !r}
 p - 3 scrolls of fear {!r}
 A - a scroll of remove curse {@r2}
Potions
 c - a potion of haste {@q4 !q}
 d - a potion of cancellation
 g - a potion of lignification {@q6}
 k - a potion of might {@q3 !q}
 l - a potion of curing {@q1 !q}
 n - a potion of agility {@q5 !q}
 q - a potion of berserk rage
 r - a potion of invisibility
 s - a potion of magic
Comestibles
 e - 14 rations
 m - 2 chunks of flesh


   Skills:
 + Level 9.9 Fighting
 + Level 13.0 Polearms
 - Level 0.6 Armour
 - Level 2.6 Dodging
 - Level 2.0 Spellcasting
 - Level 3.2 Charms


You had 6 spell levels left.
You knew the following spells:

 Your Spells              Type           Power        Failure   Level  Hunger
a - Infusion              Chrm           ##..         8%          1    ##.....
b - Shroud of Golubria    Chrm/Tloc      #.........   24%         2    ###....
c - Spectral Weapon       Hex/Chrm       #.......     43%         3    ####...

Your spell library contained the following spells:

 Spells                   Type           Power        Failure   Level  Hunger
 Song of Slaying          Chrm           ##......     12%         2    ###....
 Summon Small Mammal      Summ           #...         30%         1    ##.....
 Call Imp                 Summ           #.......     41%         2    ###....
 Regeneration             Chrm/Necr      #.........   43%         3    ####...
 Call Canine Familiar     Summ           #.......     65%         3    ####...
 Summon Guardian Golem    Hex/Summ       #.......     65%         3    ####...
 Summon Ice Beast         Ice/Summ       #.......     96%         4    #####..
 Summon Lightning Spire   Summ/Air       #.......     96%         4    #####..


Dungeon Overview and Level Annotations

Branches:
Dungeon (8/15)             Temple (1/1) D:4
   Lair: D:8-11

Altars:
Ashenzari
Cheibriados
Dithmenos
Elyvilon
Fedhas
Gozag
Hepliaklqana
Kikubaaqudgha
Makhleb
Nemelex Xobeh
Okawaru
Qazlal
Ru
Sif Muna
Trog
Uskayaw
Vehumet
Wu Jian
Xom
Yredelemnul
Zin
The Shining One


Message History

A killer bee comes into view.
A wyvern comes into view.
The killer bee moves out of view.
Casting: Spectral Weapon (slightly dangerous; 43% risk of failure)
Confirm with . or Enter, or press ? or * to list all spells.
You begin infusing your attacks with magical energy.
The killer bee buzzes angrily.
The wyvern hisses angrily.
A worker ant comes into view.
The killer bee barely misses you.
You miss the killer bee.
The worker ant twitches its antennae in your direction.
The killer bee closely misses you.
The killer bee stings you but does no damage.
The killer bee closely misses you.
You barely miss the killer bee. The killer bee stings you!
The killer bee closely misses you. The killer bee stings you.
You are poisoned.
The killer bee poisons you! The killer bee closely misses you.
Your magical contamination has completely faded away.
You closely miss the killer bee.
Your surroundings suddenly seem different.
You feel sick.
Found a scroll of teleportation and 10 gold pieces.
Found a stone staircase leading down.
o - 6 scrolls of teleportation {@r3 !r} (gained 1)
You feel sick.
You feel sick.
You now have 437 gold pieces (gained 10).
You feel sick.
A scorpion comes into view.
Found a glowing robe.
Found a stone staircase leading up.
Your magical infusion is running out.
Casting: Infusion (safe; 8% risk of failure)
Confirm with . or Enter, or press ? or * to list all spells.
You extend your infusion's duration.
You feel sick.
Attack whom?
Press: ? - help, Dir - move target cursor, f - scorpion
Aim: a scorpion You reach to attack!
You are feeling hungry.
You closely miss the scorpion.
Attack whom?
Press: ? - help, Dir - move target cursor, f/p - scorpion
Aim: a scorpion You reach to attack!
You hit the scorpion.
The scorpion is lightly wounded.
You closely miss the scorpion.
The scorpion is lightly wounded.
The scorpion barely misses you.
You hit the scorpion.
The scorpion is moderately wounded.
You feel sick. The scorpion misses you.
You hit the scorpion.
The scorpion is moderately wounded.
The scorpion misses you.
You slash the scorpion!
The scorpion is almost dead.
The scorpion completely misses you.
You hit the scorpion.
You kill the scorpion!
Okawaru accepts your kill.
Your Polearms skill increases to level 13!
You feel sick.
Your magical infusion is running out.
You feel sick.
You are no longer poisoned.
Found 2 scrolls of identify.
You see here a glowing robe.
B - a glowing robe You are no longer magically infusing your attacks.
The wyvern hisses angrily.
Casting: Infusion (safe; 8% risk of failure)
Confirm with . or Enter, or press ? or * to list all spells.
You begin infusing your attacks with magical energy.
Attack whom?
Press: ? - help, Dir - move target cursor, f - wyvern
Aim: a wyvern You reach to attack!
You slash the wyvern!
The wyvern is severely wounded.
You closely miss the wyvern.
The wyvern is severely wounded.
The wyvern closely misses you. The wyvern bites you!
The killer bee buzzes angrily.
You hit the wyvern.
The wyvern is almost dead.
You hear an angry buzzing noise. x2; You hear a bark!
The wyvern bites you!
You barely miss the wyvern.
The wyvern is almost dead.
The killer bee buzzes angrily.
The wyvern bites you!
* * * LOW HITPOINT WARNING * * *
You barely miss the wyvern.
The wyvern is almost dead.
The wyvern misses you. The wyvern bites you!
* * * LOW HITPOINT WARNING * * *
You closely miss the wyvern.
The wyvern is almost dead.
The killer bee buzzes angrily.
The wyvern bites you.
You die...

.......... #........#
##.......... #........#
.............#........#
.............#........#
##...#.##......#........#
##.[#...###.###<.........#
.#.##.........##.......>.#
....yy......#..##....#####
............ #.l@##..##
...yyyy.....?#..y.....#
...............yy#..#..#
.###.>#.?...##......##...
............ #....#....###
..#..###.#.# #...#####.#
.....# . . #..y# # ##....
.. #.y.# .....


You could see a wyvern and 5 killer bees.

Vanquished Creatures
  A hippogriff (D:8)
  Edmund (D:4)
  Duvessa (D:6)
  A black bear (D:8)
  4 orc warriors (D:7)
  An ice beast (D:5)
  A phantom (D:7)
  An ogre (D:4)
  A centaur (D:5)
  2 bullfrogs (D:7)
  Dowan (D:6)
  A scorpion (D:8)
  3 wights
  3 howler monkeys
  A crimson imp (D:5)
  2 bullfrog zombies
  3 hounds
  7 orc priests
  2 jellies
  4 orc wizards
  2 bullfrog skeletons
  A centaur skeleton (D:4)
  2 iguanas (D:7)
  2 worker ants
  A hound skeleton (D:6)
  4 adders
  2 oozes
  An adder zombie (D:8)
  An adder skeleton (D:5)
  2 worms
  4 dart slugs
  5 leopard geckos
  32 orcs
  3 giant cockroaches
  7 goblins
  5 hobgoblins
  6 jackals
  3 quokkas
  2 ball pythons (D:3)
  8 bats
  7 frilled lizards
  5 kobolds (D:2)
  A quokka zombie (D:6)
  13 rats
160 creatures vanquished.

Vanquished Creatures (others)
  A spectral weapon (D:4)
1 creature vanquished.

Grand Total: 161 creatures vanquished

Notes
Turn   | Place    | Note
-------+----------+-------------------------------------------
     0 | D:1      | MisterOstroum the Merfolk Skald began the quest for the
                  | Orb.
     0 | D:1      | Reached XP level 1. HP: 16/16 MP: 3/3
   398 | D:1      | Reached XP level 2. HP: 22/23 MP: 5/5
   922 | D:1      | Learned a level 2 spell: Shroud of Golubria
  1201 | D:2      | Reached skill level 4 in Polearms
  1507 | D:2      | Reached XP level 3. HP: 29/29 MP: 6/6
  1851 | D:2      | Found an ancient bone altar of Kikubaaqudgha.
  1853 | D:2      | Found a radiant altar of Vehumet.
  2389 | D:2      | Found a glowing silver altar of Zin.
  2426 | D:2      | Reached XP level 4. HP: 35/35 MP: 7/7
  2709 | D:3      | Reached skill level 5 in Polearms
  2811 | D:3      | Found a faded altar of an unknown god.
  3402 | D:3      | Reached XP level 5. HP: 41/42 MP: 2/8
  3519 | D:3      | Reached skill level 6 in Polearms
  4057 | D:4      | Learned a level 3 spell: Spectral Weapon
  4131 | D:4      | Noticed Edmund
  4348 | D:4      | Reached skill level 7 in Polearms
  4369 | D:4      | Reached XP level 6. HP: 38/48 MP: 4/9
  4783 | D:4      | Reached skill level 8 in Polearms
  5006 | D:5      | Entered Level 5 of the Dungeon
  5183 | D:5      | Noticed an ice beast
  5209 | D:5      | Killed an ice beast
  5209 | D:5      | Reached skill level 5 in Fighting
  5209 | D:5      | Reached XP level 7. HP: 56/56 MP: 3/10
  5261 | D:5      | Found a bloodstained altar of Trog.
  5339 | D:5      | Reached skill level 9 in Polearms
  5702 | D:5      | Found a glowing golden altar of the Shining One.
  6023 | D:4      | Found a staircase to the Ecumenical Temple.
  6327 | Temple   | Entered the Ecumenical Temple
  6421 | Temple   | Became a worshipper of Warmaster Okawaru
  7144 | D:6      | Noticed Duvessa
  7372 | D:7      | Reached skill level 10 in Polearms
  7372 | D:7      | Reached XP level 8. HP: 24/65 MP: 6/11
  7841 | D:7      | Reached * piety under Okawaru
  7932 | D:7      | Reached skill level 11 in Polearms
  8545 | D:7      | Reached ** piety under Okawaru
  8989 | D:7      | Reached XP level 9. HP: 75/75 MP: 8/12
  8999 | D:7      | Reached skill level 12 in Polearms
  9609 | D:6      | Noticed Dowan
  9614 | D:6      | Killed Duvessa
  9621 | D:6      | Killed Dowan
  9743 | D:4      | Killed Edmund
  9849 | D:6      | Found a glowing golden altar of the Shining One.
 10426 | D:8      | Reached skill level 13 in Polearms
 10443 | D:8      | HP: 2/78 [wyvern (15)]
 10444 | D:8      | Slain by a wyvern

Levels and vault maps discovered:
D:1:      dpeg_chamrin_arrival_tetris, layout_loops_corners
D:2:      layout_loops_ring, nicolae_overflow_hidden_temple,
          hangedman_decor_diamond_cutter, minmay_misc_feat_columns
D:3:      layout_loops_ring, first_ration, chequers_ecumenical_altar_island
D:4:      layout_cave_pods, minmay_temple_entry_offerings, uniq_edmund
D:5:      layout_rooms, kennysheep_little_box, basic_altar
D:6:      layout_cave_pools, basic_altar, uniq_duvessa
D:7:      layout_basic, enter_bailey_2
D:8:      layout_rooms, kennysheep_mini, grunt_pizzeria, kennysheep_nondescript
Temple:   minmay_temple_bridge_d

Skill      XL: |  1  2  3  4  5  6  7  8  9 |
---------------+----------------------------+-----
Polearms       | 4 5 7 8 10 11 13 | 13.0
Fighting       | 3 4 5 6 8 9 |  9.9
Armour         | |  0.6
Dodging        | |  2.6
Spellcasting   | |  2.0
Charms         | |  3.2

Action                   |  1- 3 |  4- 6 |  7- 9 || total
-------------------------+-------+-------+-------++-------
Melee: Spear             |   157 |   266 |   109 ||   532
       Halberd           |       |       |   174 ||   174
Throw: Stone             |    59 |    75 |     3 ||   137
       Dart              |       |       |    35 ||    35
       Boomerang         |       |       |    47 ||    47
 Cast: Infusion          |     4 |    16 |    32 ||    52
       Shroud of Golubri |     2 |     7 |     8 ||    17
       Spectral Weapon   |       |     2 |     5 ||     7
  Use: Scroll            |       |     3 |    16 ||    19
       Potion            |       |     1 |     2 ||     3
 Stab: Sleeping          |     1 |     1 |       ||     2
       Distracted        |       |       |     1 ||     1
  Eat: Chunk             |     5 |    10 |    15 ||    30
       Ration            |       |       |     1 ||     1
Armor: Leather armour    |    28 |    24 |    16 ||    68
       Chain mail        |       |       |     5 ||     5
Dodge: Dodged            |    63 |   117 |    85 ||   265

Table legend:
 A = Non-vault XP
 B = Vault XP
 C = Vault XP percentage of total XP
 D = Non-vault monster count
 E = Vault monster count
 F = Vault count percentage of total count
                 A         B        C        D         E       F
            +---------+---------+-------+---------+---------+-------
      Total |    3390 |     399 |  10.5 |     157 |       3 |   1.9
            +---------+---------+-------+---------+---------+-------
        D:1 |      24 |       0 |   0.0 |      13 |       0 |   0.0
        D:2 |      61 |       0 |   0.0 |      27 |       0 |   0.0
        D:3 |      98 |       0 |   0.0 |      24 |       0 |   0.0
        D:4 |     386 |     171 |  30.7 |      22 |       1 |   4.3
        D:5 |     406 |       0 |   0.0 |      11 |       0 |   0.0
        D:6 |     413 |     228 |  35.6 |      14 |       2 |  12.5
        D:7 |    1529 |       0 |   0.0 |      42 |       0 |   0.0
        D:8 |     473 |       0 |   0.0 |       4 |       0 |   0.0
            +---------+---------+-------+---------+---------+-------
